 Dungeon Crawl Stone Soup version 0.24-a0-464-g6b2be6b8c7 (webtiles) character file.

Game seed: 7046344756288830253

58 Inarius the Chucker (level 3, 0/28 HPs)
             Began as a Demonspawn Hunter on July 3, 2019.
             Slain by a white imp (4 damage)
             ... summoned by Natasha
             ... on level 2 of the Dungeon.
             The game lasted 00:01:56 (1674 turns).

Inarius the Chucker (Demonspawn Hunter)             Turns: 1674, Time: 00:01:57

Health: 0/28       AC:  7    Str: 13    XL:     3   Next: 75%
Magic:  3/3        EV: 16    Int: 12    God:
Gold:   35         SH:  0    Dex: 18    Spells: 2/2 levels left

rFire    . . .     SeeInvis .   a - +0 short sword
rCold    . . .     Gourm    .   (no shield)
rNeg     . . .     Faith    .   h - +0 ring mail
rPois    .         Spirit   .   (no helmet)
rElec    .         Reflect  .   (no cloak)
rCorr    .         Harm     .   (no gloves)
MR       .....                  (no boots)
Stlth    ++........             (no amulet)
HPRegen  0.09/turn              (no ring)
MPRegen  0.08/turn              (no ring)

@: agile
A: hooves 1, molten scales 1
a: no special abilities


You were on level 2 of the Dungeon.
You were hungry.

You visited 1 branch of the dungeon, and saw 2 of its levels.

You collected 35 gold pieces.

Inventory:

Hand Weapons
 a - a +0 short sword (weapon)
Missiles
 c - 2 javelins (quivered)
 d - 2 throwing nets
Armour
 h - a +0 ring mail (worn)
Scrolls
 g - a scroll of random uselessness {unknown}
 i - a scroll of fear {unknown}
Potions
 b - 2 potions of curing
Comestibles
 f - 2 rations


   Skills:
 * Level 2.5 Fighting
 + Level 1.3 Short Blades
 + Level 4.0 Throwing
 + Level 1.1 Armour
 + Level 2.0 Dodging
 - Level 0.8 Stealth


You had 2 spell levels left.
You didn't know any spells.
Your spell library was empty.

Dungeon Overview and Level Annotations

Branches:
Dungeon (2/15)

Altars:

Annotations:
D:2 Natasha


Innate Abilities, Weirdness & Mutations

You have large cloven feet.
You are partially covered in molten scales. (AC +2)


Message History

The white imp freezes you.
* * * LOW HITPOINT WARNING * * *
Unknown command.
You closely miss Natasha. You kick Natasha, but do no damage.
Natasha is almost dead.
The white imp hits you but does no damage.
Natasha closely misses you.
You hit Natasha.
Natasha is almost dead.
Natasha misses you. The white imp barely misses you.
A goblin comes into view. It is wielding a +0 dagger.
You closely miss Natasha.
The goblin shouts!
You kick Natasha, but do no damage.
Natasha is almost dead.
You hear a shout!
The white imp hits you.
* * * LOW HITPOINT WARNING * * *
The white imp freezes you.
You die...

#. ######.....##
#.###.........##
..##.#####.###
#.##.## #.# #.#...#
#.# # #...#..# #.#
.#.#####..##..# #.#
........5.....# #.#
....####@####.###.#
.....# #h# ##..##.#
#....##w# ..... #
#....w##.....
..##..[..#.....#
...............#
....>......#####
###.....(...###
##..........#


You could see a worm, Natasha, a white imp and a dart slug.

Vanquished Creatures
  Natasha (D:2)
  A worm (D:1)
  A leopard gecko (D:2)
  5 bats (D:1)
  2 giant cockroaches (D:1)
  6 goblins
  4 hobgoblins
  2 kobolds (D:1)
  3 frilled lizards (D:1)
  2 rats
27 creatures vanquished.

Notes
Turn   | Place    | Note
-------+----------+-------------------------------------------
     0 | D:1      | Inarius the Demonspawn Hunter began the quest for the Orb.
     0 | D:1      | Reached XP level 1. HP: 16/16 MP: 1/1
   322 | D:1      | Gained mutation: You are partially covered in molten
                  | scales. (AC +2) [demonic ancestry]
   322 | D:1      | Reached XP level 2. HP: 22/22 MP: 2/2
   688 | D:1      | Reached skill level 1 in Short Blades
  1078 | D:2      | Noticed Natasha
  1101 | D:1      | Reached skill level 4 in Throwing
  1287 | D:2      | Noticed a crimson imp
  1289 | D:2      | HP: 1/22 [crimson imp[Natasha] (2)]
  1290 | D:2      | Killed Natasha
  1290 | D:2      | Gained mutation: You have large cloven feet. [demonic
                  | ancestry]
  1290 | D:2      | Reached XP level 3. HP: 2/28 MP: 3/3
  1616 | D:2      | Reached skill level 1 in Armour
  1654 | D:2      | Noticed Natasha
  1674 | D:2      | Slain by a white imp

Levels and vault maps discovered:
D:1:      co_arrival_random_square_maze, layout_basic, moated_statue,
          wad_floor_pattern_1
D:2:      layout_rooms, first_ration, uniq_natasha, uniq_robin

Skill      XL: |  1  2  3 |
---------------+----------+-----
Short Blades   | 1 |  1.3
Throwing       | 4 |  4.0
Dodging        | 2 |  2.0
Armour         | 1 |  1.1
Fighting       | |  2.5
Stealth        | |  0.8

Action                   || total
-------------------------++-------
Melee: Short sword       ||   139
       Kick              ||     7
Throw: Javelin           ||     9
  Use: Potion            ||     3
  Eat: Chunk             ||     2
Armor: Ring mail         ||    42
       Leather armour    ||     2
Dodge: Dodged            ||    88

Table legend:
 A = Non-vault XP
 B = Vault XP
 C = Vault XP percentage of total XP
 D = Non-vault monster count
 E = Vault monster count
 F = Vault count percentage of total count
                 A         B        C        D         E       F
            +---------+---------+-------+---------+---------+-------
      Total |      39 |      44 |  53.0 |      22 |       5 |  18.5
            +---------+---------+-------+---------+---------+-------
        D:1 |      33 |       0 |   0.0 |      19 |       0 |   0.0
        D:2 |       6 |      44 |  88.0 |       3 |       5 |  62.5
            +---------+---------+-------+---------+---------+-------
